Pick #1

Connor Bedard
Pick #2

Leo Carlsson
Pick #3

Adam Fantilli
Pick #4

Matvei Michkov
Pick #5

David Reinbacher
Pick #6

William Smith
Pick #7

Zachary Benson
Pick #8

Ryan Leonard
Pick #9

Gabriel Perreault
Pick #10

Axel Sandin-Pellika
Pick #11

Daniil But
Pick #12

Dalibor Dvorsky
Pick #13

Quentin Musty
Pick #14

Brayden Yager
Pick #15

Dmitry Simashev
Pick #16

Colby Barlow
Pick #17

Andrew Cristall
Pick #18

Easton Cowan
Pick #19

Jacob Fowler
Pick #20

Oliver Moore
Pick #21

Oliver Bonk
Pick #22

Tom Willander
Pick #23

Calum Ritchie
Pick #24

Tanner Molendyk
Pick #25

Gavin Brindley
Pick #26

Nate Danielson
Pick #27

Pick #28

Pick #29

Pick #30

Pick #31

Pick #32

Pick #33

Pick #34

Pick #35

Pick #36

Pick #37

Pick #38

Pick #39

Pick #40

Pick #41

Pick #42

Pick #43

Pick #44

Pick #45

Pick #46

Pick #47

Pick #48

Pick #49

Pick #50

Pick #51

Pick #52

Pick #53

Pick #54

Pick #55

Pick #56

Pick #57

Pick #58

Pick #59

Pick #60

Pick #61

Pick #62

Pick #63

Pick #64

Pick #65

Pick #66

Pick #67

Pick #68

Pick #69

Pick #70

Pick #71

Pick #72

Pick #73

Pick #74

Pick #75

Pick #76

Pick #77

Pick #78

Pick #79

Pick #80

Pick #81

Pick #82

Pick #83

Pick #84

Pick #85

Pick #86

Pick #87

Pick #88

Pick #89

Pick #90

Pick #91

Pick #92

Pick #93

Pick #94

Pick #95

Pick #96

Pick #97

Pick #98

Pick #99

Pick #100

Pick #101

Pick #102

Pick #103

Pick #104

Pick #105

Pick #106

Pick #107

Pick #108

Pick #109

Pick #110

Pick #111

Pick #112

Pick #113

Pick #114

Pick #115

Pick #116

Pick #117

Pick #118

Pick #119

Pick #120

Pick #121

Pick #122

Pick #123

Pick #124

Pick #125

Pick #126

Pick #127

Pick #128

Pick #129

Pick #130

Full Scoreboard »»

Lightning vs Devils

Created - December 13, 2023 at 08:50

Goals
1 2 3 T
Lightning 3 1 2 6
Devils 1 0 3 4
Shots
1 2 3 T
Lightning 12 14 16 42
Devils 6 4 17 27

GoalsPenalties
1st period
1. Devils , Damon Severson 10 (Nino Niederreiter 10, Evgeni Malkin 14) at 3:06 (PP)
2. Lightning , Brock Nelson 7 (Brandon Montour 12, John Klingberg 16) at 4:35
3. Lightning , Jeff Skinner 10 (Patrice Bergeron 18) at 13:04
4. Lightning , Erik Haula 4 (Alex Killorn 9, Kaiden Guhle 10) at 14:50
John Klingberg (TBL) for Hooking (Minor) at 3:02
Damon Severson (NJD) for Roughing (Minor) at 10:18
2nd period
5. Lightning , Alex Killorn 5 (Brandon Montour 13, John Klingberg 17) at 3:53 (PP)
Urho Vaakanainen (NJD) for Hooking (Minor) at 2:18
Damon Severson (NJD) for Cross-checking (Minor) at 15:29
3rd period
6. Devils , Matt Boldy 9 (Evgeni Malkin 15) at 7:15
7. Lightning , Patrice Bergeron 10 (Tyler Toffoli 10) at 10:33
8. Devils , Chris Kreider 15 (Sam Reinhart 23, Damon Severson 13) at 14:17 (PP)
9. Devils , Chris Kreider 16 (Dougie Hamilton 14, Mikhail Sergachev 15) at 17:18 (PP)
10. Lightning , Jeff Skinner 11 (John Klingberg 18, Brandon Montour 14) at 19:39 (Empty Net)
Patrice Bergeron (TBL) for Interference (Minor) at 13:25
Brandon Montour (TBL) for Hooking (Minor) at 16:27
Goalie Stats
Jacob Markstrom (TBL), 23 saves from 27 shots - (0.852), W, 10-7-4, 60:00 minutes
Filip Gustavsson (NJD), 26 saves from 27 shots - (0.963), L, 7-5-0, 35:35 minutes
Andrei Vasilevskiy (NJD), 10 saves from 14 shots - (0.714), 23:53 minutes
3 StarsOfficial
1 - Jeff Skinner (TBL)
2 - Brandon Montour (TBL)
3 - John Klingberg (TBL)
Referees : Brad Meier and Corey Syvret
Linesman : Brendan Lewis and Jonny Murray
Game Note
Filip Gustavsson enters game at 3:53 of 2nd period
Jeff Skinner has scored in a empty net!
Finance
Level 1 -- Attendance: 6000 (100.00%) -- Ticket Income $672,000
Level 2 -- Attendance: 4423 (88.46%) -- Ticket Income $358,263
Level 3 -- Attendance: 2000 (100.00%) -- Ticket Income $160,000
Level 4 -- Attendance: 3092 (85.30%) -- Ticket Income $46,380
Luxury Box -- Attendance: 891 (89.10%) -- Ticket Income $173,745
Game was played at the Prudential Center.
Total Attendance: 16406 (93.08%)
Total Ticket Income: $1,410,388
Other Income: $352,597
Total Income: $1,762,985



Team Name Goals Shots Shots Attemp Shots Blocked PIM HIT PP PK FO%
Lightning 6427476171 / 3 (33%)357%
Devils 4274586383 / 3 (100%)143%

Lightning
Player Name POS G A P +/- PIM HIT SHT SB MP PP MP PP SHT PK MP PK SHT FO% FOT
Alex KillornLW1121004115:283:0721:4700% 0
Andrew PeekeD0001022012:100:0000:0000% 0
Barclay GoodrowC000000014:280:0000:0000% 1
Ben ChiarotD0000034021:362:3600:4600% 0
Brandon MontourD0333220125:462:5700:3400% 0
Brock NelsonC1012003019:002:2610:00056% 18
Dawson MercerC0001003016:080:0000:00050% 2
Erik HaulaLW1011013010:340:0000:000100% 1
Jeff SkinnerLW2022006023:562:2610:0000% 2
John KlingbergD0333210226:372:5701:2500% 0
Kaiden GuhleD0111010012:100:0000:0000% 0
Kevin ShattenkirkD0000012221:392:3610:4900% 0
Patrice BergeronC1122237023:552:2610:00060% 43
Ryan StromeC0001004010:340:0000:00069% 16
Teddy BluegerC000000106:150:0001:47155% 11
Trevor MooreLW000000004:280:0000:0000% 0
Tyler ToffoliRW0111011024:113:0700:0000% 0
William KarlssonC0001022019:153:0700:00044% 9
Devils
Player Name POS G A P +/- PIM HIT SHT SB MP PP MP PP SHT PK MP PK SHT FO% FOT
Chris KreiderLW202-2055017:021:0920:0000% 1
Damon SeversonD112-1402019:000:2210:5500% 0
Dominik KubalikLW000001003:200:0000:2000% 1
Dougie HamiltonD011-4021023:281:2503:3400% 0
Dylan CozensC000-2023019:500:0003:09049% 35
Erik GustafssonD000-1030121:170:2203:1000% 0
Evgeni MalkinC0220040017:530:3800:09038% 24
Justin SchultzD0001010119:180:0002:5200% 0
Kyle OkposoRW000001006:520:0003:52033% 3
Mathieu JosephRW000-2004118:020:0001:2100% 1
Matt BoldyLW1010002017:440:3800:0000% 1
Mike HoffmanLW000-2002016:410:0000:00050% 4
Mikhail SergachevD011-4071420:291:2510:3500% 0
Nicklas BackstromC000000005:150:0002:15040% 5
Nino NiederreiterRW0110032017:440:3800:0000% 0
Sam ReinhartC011-2002117:021:0910:00050% 26
Travis KonecnyRW000-2033017:021:0900:0000% 2
Urho VaakanainenD0001260016:250:0000:0000% 0



Play-by-Play

1st period


0:01 of 1st period - Patrice Bergeron wins face-off versus Sam Reinhart in neutral zone.
0:13 of 1st period - Patrice Bergeron is hit by Mikhail Sergachev and loses puck.
0:42 of 1st period - Mikhail Sergachev is hit by Patrice Bergeron and loses puck.
0:55 of 1st period - William Karlsson is hit by Chris Kreider and loses puck.
1:01 of 1st period - Brock Nelson is hit by Chris Kreider.
1:25 of 1st period - Brock Nelson is hit by Mikhail Sergachev and loses puck.
1:33 of 1st period - Brock Nelson is hit by Mikhail Sergachev and loses puck.
2:18 of 1st period - Shot by Matt Boldy.
2:18 of 1st period - Stopped by Jacob Markstrom without a rebound.
2:19 of 1st period - Teddy Blueger wins face-off versus Dylan Cozens in Lightning zone.
2:29 of 1st period - Icing by Urho Vaakanainen.
2:30 of 1st period - Dylan Cozens wins face-off versus Patrice Bergeron in Devils zone.
2:30 of 1st period - Dylan Cozens is hit by Tyler Toffoli.
3:02 of 1st period - Minor Penalty to John Klingberg for Hooking.
3:03 of 1st period - Evgeni Malkin wins face-off versus Teddy Blueger in Lightning zone.
3:04 of 1st period - Shot by Nino Niederreiter.
3:04 of 1st period - Shot Misses the Net.
3:06 of 1st period - Shot by Damon Severson.
3:06 of 1st period - Goal by Damon Severson - Lightning : 0 - Devils : 1.
3:07 of 1st period - Evgeni Malkin wins face-off versus Teddy Blueger in neutral zone.
4:01 of 1st period - Icing by Evgeni Malkin.
4:02 of 1st period - Brock Nelson wins face-off versus Evgeni Malkin in Devils zone.
4:35 of 1st period - Shot by Brock Nelson.
4:35 of 1st period - Goal by Brock Nelson - Lightning : 1 - Devils : 1.
4:36 of 1st period - Mike Hoffman wins face-off versus Patrice Bergeron in neutral zone.
5:00 of 1st period - Jeff Skinner is hit by Urho Vaakanainen and loses puck.
5:06 of 1st period - Off-side.
5:07 of 1st period - Nicklas Backstrom wins face-off versus Ryan Strome in neutral zone.
7:05 of 1st period - Shot by Mathieu Joseph.
7:05 of 1st period - Stopped by Jacob Markstrom without a rebound.
7:06 of 1st period - Brock Nelson wins face-off versus Evgeni Malkin in Lightning zone.
7:06 of 1st period - Brock Nelson is hit by Evgeni Malkin.
7:09 of 1st period - Icing by Kaiden Guhle.
7:10 of 1st period - Sam Reinhart wins face-off versus Brock Nelson in Lightning zone.
7:21 of 1st period - Andrew Peeke is hit by Travis Konecny and loses puck.
7:53 of 1st period - Shot by Dawson Mercer.
7:53 of 1st period - Shot Misses the Net.
8:19 of 1st period - Shot by Ryan Strome.
8:19 of 1st period - Stopped by Andrei Vasilevskiy with a rebound.
8:25 of 1st period - Shot by Ryan Strome.
8:25 of 1st period - Stopped by Andrei Vasilevskiy without a rebound.
8:26 of 1st period - Patrice Bergeron wins face-off versus Dylan Cozens in Devils zone.
8:58 of 1st period - Dougie Hamilton is hit by Patrice Bergeron and loses puck.
9:51 of 1st period - Shot by Evgeni Malkin.
9:51 of 1st period - Deflect By Nino Niederreiter.
9:51 of 1st period - Shot Blocked by Barclay Goodrow.
9:53 of 1st period - Shot by Nino Niederreiter.
9:53 of 1st period - Stopped by Jacob Markstrom without a rebound.
9:54 of 1st period - Brock Nelson wins face-off versus Dominik Kubalik in Lightning zone.
9:54 of 1st period - Kaiden Guhle is hit by Kyle Okposo and loses puck.
10:00 of 1st period - Andrew Peeke is hit by Dominik Kubalik and loses puck.
10:18 of 1st period - Minor Penalty to Damon Severson for Roughing.
10:19 of 1st period - William Karlsson wins face-off versus Dylan Cozens in Devils zone.
10:51 of 1st period - Icing by John Klingberg.
10:52 of 1st period - William Karlsson wins face-off versus Nicklas Backstrom in Lightning zone.
11:31 of 1st period - Shot by Jeff Skinner.
11:31 of 1st period - Stopped by Andrei Vasilevskiy without a rebound.
11:32 of 1st period - Patrice Bergeron wins face-off versus Dylan Cozens in Devils zone.
12:00 of 1st period - Shot by Kevin Shattenkirk.
12:00 of 1st period - Stopped by Andrei Vasilevskiy without a rebound.
12:01 of 1st period - Nicklas Backstrom wins face-off versus William Karlsson in Devils zone.
12:46 of 1st period - Evgeni Malkin is hit by Andrew Peeke.
13:02 of 1st period - Shot by Andrew Peeke.
13:02 of 1st period - Stopped by Andrei Vasilevskiy without a rebound.
13:03 of 1st period - Patrice Bergeron wins face-off versus Sam Reinhart in Devils zone.
13:04 of 1st period - Shot by Jeff Skinner.
13:04 of 1st period - Goal by Jeff Skinner - Lightning : 2 - Devils : 1.
13:05 of 1st period - Sam Reinhart wins face-off versus Patrice Bergeron in neutral zone.
13:20 of 1st period - Shot by Jeff Skinner.
13:20 of 1st period - Deflect By Patrice Bergeron.
13:20 of 1st period - Shot Misses the Net.
13:23 of 1st period - Patrice Bergeron is hit by Erik Gustafsson and loses puck.
14:04 of 1st period - Shot by Brock Nelson.
14:04 of 1st period - Shot Misses the Net.
14:06 of 1st period - Shot by William Karlsson.
14:06 of 1st period - Stopped by Andrei Vasilevskiy with a rebound.
14:08 of 1st period - Shot by Dawson Mercer.
14:08 of 1st period - Stopped by Andrei Vasilevskiy without a rebound.
14:09 of 1st period - Dylan Cozens wins face-off versus Ryan Strome in Devils zone.
14:50 of 1st period - Shot by Alex Killorn.
14:50 of 1st period - Deflect By Erik Haula.
14:50 of 1st period - Goal by Erik Haula - Lightning : 3 - Devils : 1.
14:51 of 1st period - Evgeni Malkin wins face-off versus Brock Nelson in neutral zone.
16:14 of 1st period - Icing by John Klingberg.
16:15 of 1st period - Patrice Bergeron wins face-off versus Dylan Cozens in Lightning zone.
16:34 of 1st period - Shot by Mathieu Joseph.
16:34 of 1st period - Stopped by Jacob Markstrom without a rebound.
16:35 of 1st period - Erik Haula wins face-off versus Travis Konecny in Lightning zone.
16:50 of 1st period - Off-side.
16:51 of 1st period - Dylan Cozens wins face-off versus William Karlsson in neutral zone.
16:53 of 1st period - Mikhail Sergachev is hit by Ben Chiarot and loses puck.
17:07 of 1st period - Ben Chiarot is hit by Mikhail Sergachev.
18:00 of 1st period - Icing by Brandon Montour.
18:01 of 1st period - Patrice Bergeron wins face-off versus Evgeni Malkin in Lightning zone.
18:01 of 1st period - Tyler Toffoli is hit by Evgeni Malkin and loses puck.
18:20 of 1st period - Shot by Patrice Bergeron.
18:20 of 1st period - Shot Blocked by Justin Schultz.
18:24 of 1st period - Shot by Tyler Toffoli.
18:24 of 1st period - Deflect By Jeff Skinner.
18:24 of 1st period - Shot Misses the Net.
18:36 of 1st period - Shot by Patrice Bergeron.
18:36 of 1st period - Deflect By Jeff Skinner.
18:36 of 1st period - Stopped by Andrei Vasilevskiy without a rebound.
18:37 of 1st period - Sam Reinhart wins face-off versus Ryan Strome in Devils zone.
18:58 of 1st period - Shot by Sam Reinhart.
18:58 of 1st period - Stopped by Jacob Markstrom without a rebound.
18:59 of 1st period - William Karlsson wins face-off versus Kyle Okposo in Lightning zone.
19:32 of 1st period - Shot by Dawson Mercer.
19:32 of 1st period - Deflect By Brock Nelson.
19:32 of 1st period - Shot Misses the Net.
19:34 of 1st period - Shot by Ben Chiarot.
19:34 of 1st period - Stopped by Andrei Vasilevskiy without a rebound.
19:35 of 1st period - Patrice Bergeron wins face-off versus Sam Reinhart in Devils zone.
Goals for this period are 3 for Lightning vs 1 for Devils.
Shots for this period are 12 for Lightning vs 6 for Devils.

2nd period


0:01 of 2nd period - Patrice Bergeron wins face-off versus Mathieu Joseph in neutral zone.
0:13 of 2nd period - Icing by Urho Vaakanainen.
0:14 of 2nd period - Dylan Cozens wins face-off versus Brock Nelson in Devils zone.
0:43 of 2nd period - Shot by Mathieu Joseph.
0:43 of 2nd period - Stopped by Jacob Markstrom without a rebound.
0:44 of 2nd period - Evgeni Malkin wins face-off versus Patrice Bergeron in Lightning zone.
1:22 of 2nd period - Matt Boldy is hit by Brandon Montour and loses puck.
1:25 of 2nd period - Shot by Dougie Hamilton.
1:25 of 2nd period - Shot Blocked by Brandon Montour.
1:27 of 2nd period - Shot by Nino Niederreiter.
1:27 of 2nd period - Stopped by Jacob Markstrom without a rebound.
1:28 of 2nd period - Ryan Strome wins face-off versus Sam Reinhart in Lightning zone.
1:43 of 2nd period - Shot by Ryan Strome.
1:43 of 2nd period - Shot Blocked by Erik Gustafsson.
1:45 of 2nd period - Shot by Erik Haula.
1:45 of 2nd period - Stopped by Andrei Vasilevskiy without a rebound.
1:46 of 2nd period - Brock Nelson wins face-off versus Dylan Cozens in Devils zone.
1:46 of 2nd period - William Karlsson is hit by Urho Vaakanainen and loses puck.
1:50 of 2nd period - William Karlsson is hit by Justin Schultz and loses puck.
2:18 of 2nd period - Minor Penalty to Urho Vaakanainen for Hooking.
2:19 of 2nd period - Patrice Bergeron wins face-off versus Dylan Cozens in Devils zone.
2:34 of 2nd period - Dougie Hamilton is hit by Patrice Bergeron.
3:37 of 2nd period - Off-side.
3:38 of 2nd period - Dylan Cozens wins face-off versus William Karlsson in neutral zone.
3:51 of 2nd period - Shot by Brandon Montour.
3:51 of 2nd period - Shot Misses the Net.
3:53 of 2nd period - Shot by Alex Killorn.
3:53 of 2nd period - Goal by Alex Killorn - Lightning : 4 - Devils : 1.
3:53 of 2nd period - Filip Gustavsson enters game.
3:54 of 2nd period - Sam Reinhart wins face-off versus Barclay Goodrow in neutral zone.
3:59 of 2nd period - Shot by Chris Kreider.
3:59 of 2nd period - Stopped by Jacob Markstrom without a rebound.
4:00 of 2nd period - Sam Reinhart wins face-off versus Teddy Blueger in Lightning zone.
4:08 of 2nd period - Icing by Ben Chiarot.
4:09 of 2nd period - Teddy Blueger wins face-off versus Evgeni Malkin in Lightning zone.
4:09 of 2nd period - Teddy Blueger is hit by Evgeni Malkin.
4:47 of 2nd period - Shot by Evgeni Malkin.
4:47 of 2nd period - Shot Misses the Net.
5:26 of 2nd period - Off-side.
5:27 of 2nd period - Dylan Cozens wins face-off versus Ryan Strome in neutral zone.
5:27 of 2nd period - Mathieu Joseph is hit by Erik Haula and loses puck.
5:32 of 2nd period - Shot by Alex Killorn.
5:32 of 2nd period - Stopped by Filip Gustavsson without a rebound.
5:33 of 2nd period - Ryan Strome wins face-off versus Sam Reinhart in Devils zone.
5:40 of 2nd period - Shot by Erik Haula.
5:40 of 2nd period - Shot Misses the Net.
5:50 of 2nd period - Chris Kreider is hit by Kaiden Guhle and loses puck.
6:14 of 2nd period - Shot by Ryan Strome.
6:14 of 2nd period - Stopped by Filip Gustavsson without a rebound.
6:15 of 2nd period - Dylan Cozens wins face-off versus Patrice Bergeron in Devils zone.
6:22 of 2nd period - Icing by John Klingberg.
6:23 of 2nd period - Patrice Bergeron wins face-off versus Dylan Cozens in Lightning zone.
7:47 of 2nd period - William Karlsson is hit by Mikhail Sergachev and loses puck.
8:33 of 2nd period - Erik Haula is hit by Dougie Hamilton and loses puck.
8:36 of 2nd period - Shot by Alex Killorn.
8:36 of 2nd period - Shot Misses the Net.
8:56 of 2nd period - Shot by Chris Kreider.
8:56 of 2nd period - Shot Misses the Net.
9:26 of 2nd period - John Klingberg is hit by Travis Konecny and loses puck.
10:25 of 2nd period - Shot by Ben Chiarot.
10:25 of 2nd period - Stopped by Filip Gustavsson without a rebound.
10:26 of 2nd period - Brock Nelson wins face-off versus Nicklas Backstrom in Devils zone.
10:44 of 2nd period - Dawson Mercer is hit by Urho Vaakanainen and loses puck.
10:55 of 2nd period - Shot by Dawson Mercer.
10:55 of 2nd period - Stopped by Filip Gustavsson without a rebound.
10:56 of 2nd period - Patrice Bergeron wins face-off versus Sam Reinhart in Devils zone.
10:57 of 2nd period - Shot by Tyler Toffoli.
10:57 of 2nd period - Stopped by Filip Gustavsson without a rebound.
10:58 of 2nd period - Sam Reinhart wins face-off versus Patrice Bergeron in Devils zone.
11:14 of 2nd period - Shot by Travis Konecny.
11:14 of 2nd period - Stopped by Jacob Markstrom without a rebound.
11:15 of 2nd period - Dylan Cozens wins face-off versus Brock Nelson in Lightning zone.
11:15 of 2nd period - Dylan Cozens is hit by Ben Chiarot.
11:26 of 2nd period - Off-side.
11:27 of 2nd period - Patrice Bergeron wins face-off versus Sam Reinhart in neutral zone.
11:27 of 2nd period - Brandon Montour is hit by Chris Kreider and loses puck.
11:34 of 2nd period - Shot by Patrice Bergeron.
11:34 of 2nd period - Stopped by Filip Gustavsson without a rebound.
11:35 of 2nd period - Patrice Bergeron wins face-off versus Chris Kreider in Devils zone.
11:54 of 2nd period - Shot by Sam Reinhart.
11:54 of 2nd period - Shot Misses the Net.
12:04 of 2nd period - Travis Konecny is hit by Brandon Montour and loses puck.
12:37 of 2nd period - Shot by Evgeni Malkin.
12:37 of 2nd period - Shot Misses the Net.
12:46 of 2nd period - John Klingberg is hit by Urho Vaakanainen and loses puck.
13:12 of 2nd period - Icing by Justin Schultz.
13:13 of 2nd period - Ryan Strome wins face-off versus Evgeni Malkin in Devils zone.
13:18 of 2nd period - Shot by Erik Haula.
13:18 of 2nd period - Shot Misses the Net.
13:20 of 2nd period - Shot by Ryan Strome.
13:20 of 2nd period - Stopped by Filip Gustavsson without a rebound.
13:21 of 2nd period - Brock Nelson wins face-off versus Dylan Cozens in Devils zone.
13:24 of 2nd period - Shot by William Karlsson.
13:24 of 2nd period - Shot Blocked by Mathieu Joseph.
13:30 of 2nd period - Shot by William Karlsson.
13:30 of 2nd period - Stopped by Filip Gustavsson without a rebound.
13:31 of 2nd period - Ryan Strome wins face-off versus Sam Reinhart in Devils zone.
13:34 of 2nd period - Shot by Erik Haula.
13:34 of 2nd period - Shot Blocked by Mikhail Sergachev.
13:40 of 2nd period - Shot by Erik Haula.
13:40 of 2nd period - Shot Misses the Net.
13:42 of 2nd period - Shot by Alex Killorn.
13:42 of 2nd period - Shot Misses the Net.
14:30 of 2nd period - William Karlsson is hit by Chris Kreider.
15:05 of 2nd period - Dawson Mercer is hit by Erik Gustafsson and loses puck.
15:21 of 2nd period - Mike Hoffman is hit by Andrew Peeke and loses puck.
15:29 of 2nd period - Minor Penalty to Damon Severson for Cross-checking.
15:30 of 2nd period - Kyle Okposo wins face-off versus Jeff Skinner in Devils zone.
15:39 of 2nd period - Shot by Patrice Bergeron.
15:39 of 2nd period - Stopped by Filip Gustavsson without a rebound.
15:40 of 2nd period - Dylan Cozens wins face-off versus William Karlsson in Devils zone.
15:53 of 2nd period - Shot by Alex Killorn.
15:53 of 2nd period - Stopped by Filip Gustavsson without a rebound.
15:54 of 2nd period - Dylan Cozens wins face-off versus Patrice Bergeron in Devils zone.
16:12 of 2nd period - Shot by Brandon Montour.
16:12 of 2nd period - Shot Misses the Net.
16:14 of 2nd period - Shot by Brock Nelson.
16:14 of 2nd period - Stopped by Filip Gustavsson without a rebound.
16:15 of 2nd period - William Karlsson wins face-off versus Kyle Okposo in Devils zone.
17:32 of 2nd period - Icing by Brock Nelson.
17:33 of 2nd period - Teddy Blueger wins face-off versus Evgeni Malkin in Lightning zone.
17:33 of 2nd period - Teddy Blueger is hit by Nino Niederreiter.
17:46 of 2nd period - Icing by Urho Vaakanainen.
17:47 of 2nd period - Patrice Bergeron wins face-off versus Evgeni Malkin in Devils zone.
17:50 of 2nd period - Shot by Jeff Skinner.
17:50 of 2nd period - Stopped by Filip Gustavsson without a rebound.
17:51 of 2nd period - Teddy Blueger wins face-off versus Evgeni Malkin in Devils zone.
17:55 of 2nd period - Icing by Damon Severson.
17:56 of 2nd period - Evgeni Malkin wins face-off versus Patrice Bergeron in Devils zone.
19:54 of 2nd period - Off-side.
19:55 of 2nd period - Ryan Strome wins face-off versus Nicklas Backstrom in neutral zone.
Goals for this period are 1 for Lightning vs 0 for Devils.
Shots for this period are 14 for Lightning vs 4 for Devils.

3rd period


0:01 of 3rd period - Dylan Cozens wins face-off versus Patrice Bergeron in neutral zone.
0:04 of 3rd period - Brandon Montour is hit by Dylan Cozens and loses puck.
0:23 of 3rd period - Shot by Patrice Bergeron.
0:23 of 3rd period - Stopped by Filip Gustavsson with a rebound.
0:27 of 3rd period - Shot by Patrice Bergeron.
0:27 of 3rd period - Stopped by Filip Gustavsson without a rebound.
0:28 of 3rd period - Sam Reinhart wins face-off versus Brock Nelson in Devils zone.
0:52 of 3rd period - Off-side.
0:53 of 3rd period - Patrice Bergeron wins face-off versus Evgeni Malkin in neutral zone.
1:20 of 3rd period - Evgeni Malkin is hit by John Klingberg and loses puck.
1:29 of 3rd period - Shot by Matt Boldy.
1:29 of 3rd period - Shot Misses the Net.
1:31 of 3rd period - Shot by Evgeni Malkin.
1:31 of 3rd period - Shot Misses the Net.
2:03 of 3rd period - Shot by Brock Nelson.
2:03 of 3rd period - Shot Misses the Net.
2:25 of 3rd period - Shot by William Karlsson.
2:25 of 3rd period - Shot Misses the Net.
2:53 of 3rd period - Icing by Ryan Strome.
2:54 of 3rd period - Dylan Cozens wins face-off versus Ryan Strome in Lightning zone.
3:24 of 3rd period - Shot by Erik Haula.
3:24 of 3rd period - Shot Misses the Net.
3:26 of 3rd period - Shot by Andrew Peeke.
3:26 of 3rd period - Stopped by Filip Gustavsson without a rebound.
3:27 of 3rd period - Patrice Bergeron wins face-off versus Evgeni Malkin in Devils zone.
4:24 of 3rd period - William Karlsson is hit by Urho Vaakanainen and loses puck.
4:37 of 3rd period - Evgeni Malkin is hit by William Karlsson and loses puck.
4:50 of 3rd period - Shot by Brock Nelson.
4:50 of 3rd period - Shot Misses the Net.
4:52 of 3rd period - Shot by Ben Chiarot.
4:52 of 3rd period - Stopped by Filip Gustavsson with a rebound.
4:54 of 3rd period - Shot by Brock Nelson.
4:54 of 3rd period - Shot Misses the Net.
4:58 of 3rd period - Shot by Dawson Mercer.
4:58 of 3rd period - Shot Misses the Net.
5:00 of 3rd period - Shot by Ben Chiarot.
5:00 of 3rd period - Stopped by Filip Gustavsson without a rebound.
5:01 of 3rd period - Ryan Strome wins face-off versus Dylan Cozens in Devils zone.
5:04 of 3rd period - Shot by Ryan Strome.
5:04 of 3rd period - Deflect By Alex Killorn.
5:04 of 3rd period - Stopped by Filip Gustavsson without a rebound.
5:05 of 3rd period - Ryan Strome wins face-off versus Mike Hoffman in Devils zone.
6:07 of 3rd period - Erik Haula is hit by Mikhail Sergachev and loses puck.
6:15 of 3rd period - Icing by Dougie Hamilton.
6:16 of 3rd period - Patrice Bergeron wins face-off versus Travis Konecny in Devils zone.
6:21 of 3rd period - Shot by Patrice Bergeron.
6:21 of 3rd period - Stopped by Filip Gustavsson with a rebound.
6:23 of 3rd period - Shot by John Klingberg.
6:23 of 3rd period - Shot Misses the Net.
6:25 of 3rd period - Shot by Tyler Toffoli.
6:25 of 3rd period - Shot Misses the Net.
6:27 of 3rd period - Shot by Tyler Toffoli.
6:27 of 3rd period - Shot Blocked by Mikhail Sergachev.
7:11 of 3rd period - Icing by John Klingberg.
7:12 of 3rd period - Evgeni Malkin wins face-off versus Patrice Bergeron in Lightning zone.
7:15 of 3rd period - Shot by Matt Boldy.
7:15 of 3rd period - Goal by Matt Boldy - Lightning : 4 - Devils : 2.
7:16 of 3rd period - Brock Nelson wins face-off versus Dylan Cozens in neutral zone.
7:41 of 3rd period - Mathieu Joseph is hit by Ben Chiarot.
7:57 of 3rd period - Shot by Mike Hoffman.
7:57 of 3rd period - Deflect By Dylan Cozens.
7:57 of 3rd period - Stopped by Jacob Markstrom with a rebound.
8:13 of 3rd period - Nino Niederreiter is hit by William Karlsson and loses puck.
8:25 of 3rd period - Icing by Evgeni Malkin.
8:26 of 3rd period - Evgeni Malkin wins face-off versus Patrice Bergeron in Devils zone.
8:44 of 3rd period - Jeff Skinner is hit by Urho Vaakanainen and loses puck.
9:03 of 3rd period - Shot by Patrice Bergeron.
9:03 of 3rd period - Shot Hit the Post.
9:05 of 3rd period - Shot by Patrice Bergeron.
9:05 of 3rd period - Stopped by Filip Gustavsson without a rebound.
9:06 of 3rd period - Ryan Strome wins face-off versus Sam Reinhart in Devils zone.
9:09 of 3rd period - Shot by Erik Haula.
9:09 of 3rd period - Shot Blocked by Sam Reinhart.
9:19 of 3rd period - Shot by Travis Konecny.
9:19 of 3rd period - Shot Misses the Net.
9:37 of 3rd period - Shot by Sam Reinhart.
9:37 of 3rd period - Shot Misses the Net.
9:39 of 3rd period - Shot by Travis Konecny.
9:39 of 3rd period - Stopped by Jacob Markstrom without a rebound.
9:40 of 3rd period - Dylan Cozens wins face-off versus William Karlsson in Lightning zone.
9:40 of 3rd period - Dylan Cozens is hit by Kevin Shattenkirk.
9:49 of 3rd period - Icing by Ben Chiarot.
9:50 of 3rd period - Brock Nelson wins face-off versus Evgeni Malkin in Lightning zone.
9:50 of 3rd period - Brock Nelson is hit by Nino Niederreiter.
10:06 of 3rd period - Shot by Nino Niederreiter.
10:06 of 3rd period - Shot Blocked by Kevin Shattenkirk.
10:08 of 3rd period - Shot by Damon Severson.
10:08 of 3rd period - Stopped by Jacob Markstrom without a rebound.
10:09 of 3rd period - Dylan Cozens wins face-off versus Patrice Bergeron in Lightning zone.
10:18 of 3rd period - Shot by Dylan Cozens.
10:18 of 3rd period - Stopped by Jacob Markstrom without a rebound.
10:19 of 3rd period - Sam Reinhart wins face-off versus Dawson Mercer in Lightning zone.
10:22 of 3rd period - Shot by Chris Kreider.
10:22 of 3rd period - Stopped by Jacob Markstrom without a rebound.
10:23 of 3rd period - Patrice Bergeron wins face-off versus Dylan Cozens in Lightning zone.
10:23 of 3rd period - Patrice Bergeron is hit by Dylan Cozens.
10:33 of 3rd period - Shot by Patrice Bergeron.
10:33 of 3rd period - Goal by Patrice Bergeron - Lightning : 5 - Devils : 2.
10:34 of 3rd period - Sam Reinhart wins face-off versus Brock Nelson in neutral zone.
10:55 of 3rd period - Shot by Dawson Mercer.
10:55 of 3rd period - Stopped by Filip Gustavsson without a rebound.
10:56 of 3rd period - Dylan Cozens wins face-off versus Patrice Bergeron in Devils zone.
11:02 of 3rd period - Icing by Ben Chiarot.
11:03 of 3rd period - Dylan Cozens wins face-off versus Patrice Bergeron in Lightning zone.
11:07 of 3rd period - Icing by Kevin Shattenkirk.
11:08 of 3rd period - Patrice Bergeron wins face-off versus Dylan Cozens in Lightning zone.
11:45 of 3rd period - Shot by Mike Hoffman.
11:45 of 3rd period - Stopped by Jacob Markstrom without a rebound.
11:46 of 3rd period - Brock Nelson wins face-off versus Sam Reinhart in Lightning zone.
11:46 of 3rd period - Brock Nelson is hit by Travis Konecny.
11:49 of 3rd period - Icing by Brandon Montour.
11:50 of 3rd period - Sam Reinhart wins face-off versus Brock Nelson in Lightning zone.
12:58 of 3rd period - Icing by Urho Vaakanainen.
12:59 of 3rd period - Ryan Strome wins face-off versus Evgeni Malkin in Devils zone.
13:06 of 3rd period - Kevin Shattenkirk is hit by Nino Niederreiter.
13:16 of 3rd period - Shot by Erik Haula.
13:16 of 3rd period - Stopped by Filip Gustavsson without a rebound.
13:17 of 3rd period - Patrice Bergeron wins face-off versus Dylan Cozens in Devils zone.
13:25 of 3rd period - Minor Penalty to Patrice Bergeron for Interference.
13:26 of 3rd period - Evgeni Malkin wins face-off versus Teddy Blueger in Lightning zone.
13:51 of 3rd period - Shot by Alex Killorn.
13:51 of 3rd period - Shot Misses the Net.
13:53 of 3rd period - Shot by Teddy Blueger.
13:53 of 3rd period - Shot Blocked by Mikhail Sergachev.
13:55 of 3rd period - Shot by Teddy Blueger.
13:55 of 3rd period - Shot Blocked by Mikhail Sergachev.
13:57 of 3rd period - Shot by Teddy Blueger.
13:57 of 3rd period - Shot Misses the Net.
13:59 of 3rd period - Shot by Teddy Blueger.
13:59 of 3rd period - Stopped by Filip Gustavsson without a rebound.
14:00 of 3rd period - Teddy Blueger wins face-off versus Sam Reinhart in Devils zone.
14:13 of 3rd period - Shot by Damon Severson.
14:13 of 3rd period - Shot Blocked by John Klingberg.
14:15 of 3rd period - Shot by Sam Reinhart.
14:15 of 3rd period - Shot Misses the Net.
14:17 of 3rd period - Shot by Chris Kreider.
14:17 of 3rd period - Goal by Chris Kreider - Lightning : 5 - Devils : 3.
14:18 of 3rd period - Patrice Bergeron wins face-off versus Dylan Cozens in neutral zone.
14:24 of 3rd period - Icing by Urho Vaakanainen.
14:25 of 3rd period - Patrice Bergeron wins face-off versus Mike Hoffman in Devils zone.
14:28 of 3rd period - Shot by Jeff Skinner.
14:28 of 3rd period - Stopped by Filip Gustavsson without a rebound.
14:29 of 3rd period - Patrice Bergeron wins face-off versus Evgeni Malkin in Devils zone.
14:35 of 3rd period - Icing by Dougie Hamilton.
14:36 of 3rd period - Patrice Bergeron wins face-off versus Matt Boldy in Devils zone.
14:36 of 3rd period - Patrice Bergeron is hit by Dougie Hamilton.
14:57 of 3rd period - Icing by Brandon Montour.
14:58 of 3rd period - Mike Hoffman wins face-off versus Jeff Skinner in Lightning zone.
15:16 of 3rd period - Icing by Mathieu Joseph.
15:17 of 3rd period - Dawson Mercer wins face-off versus Dylan Cozens in Devils zone.
15:20 of 3rd period - Shot by Kevin Shattenkirk.
15:20 of 3rd period - Stopped by Filip Gustavsson without a rebound.
15:21 of 3rd period - Ryan Strome wins face-off versus Evgeni Malkin in Devils zone.
15:48 of 3rd period - Shot by Ryan Strome.
15:48 of 3rd period - Deflect By Alex Killorn.
15:48 of 3rd period - Shot Misses the Net.
16:03 of 3rd period - Icing by Damon Severson.
16:04 of 3rd period - Patrice Bergeron wins face-off versus Evgeni Malkin in Devils zone.
16:10 of 3rd period - Tyler Toffoli is hit by Erik Gustafsson and loses puck.
16:19 of 3rd period - Patrice Bergeron is hit by Evgeni Malkin and loses puck.
16:27 of 3rd period - Minor Penalty to Brandon Montour for Hooking.
16:28 of 3rd period - Sam Reinhart wins face-off versus Teddy Blueger in Lightning zone.
16:43 of 3rd period - Shot by Dougie Hamilton.
16:43 of 3rd period - Shot Blocked by John Klingberg.
16:45 of 3rd period - Shot by Mikhail Sergachev.
16:45 of 3rd period - Stopped by Jacob Markstrom with a rebound.
16:47 of 3rd period - Shot by Dougie Hamilton.
16:47 of 3rd period - Shot Blocked by Kevin Shattenkirk.
16:49 of 3rd period - Shot by Sam Reinhart.
16:49 of 3rd period - Stopped by Jacob Markstrom without a rebound.
16:50 of 3rd period - Teddy Blueger wins face-off versus Sam Reinhart in Lightning zone.
16:50 of 3rd period - Teddy Blueger is hit by Chris Kreider.
17:08 of 3rd period - Shot by Mikhail Sergachev.
17:08 of 3rd period - Shot Blocked by Alex Killorn.
17:18 of 3rd period - Shot by Chris Kreider.
17:18 of 3rd period - Goal by Chris Kreider - Lightning : 5 - Devils : 4.
17:19 of 3rd period - Dylan Cozens wins face-off versus Patrice Bergeron in neutral zone.
17:54 of 3rd period - Shot by Dylan Cozens.
17:54 of 3rd period - Stopped by Jacob Markstrom without a rebound.
17:55 of 3rd period - Evgeni Malkin wins face-off versus Brock Nelson in Lightning zone.
18:31 of 3rd period - Icing by Ben Chiarot.
18:32 of 3rd period - Brock Nelson wins face-off versus Sam Reinhart in Lightning zone.
18:40 of 3rd period - Kevin Shattenkirk is hit by Mikhail Sergachev and loses puck.
18:47 of 3rd period - Shot by Dawson Mercer.
18:47 of 3rd period - Deflect By Brock Nelson.
18:47 of 3rd period - Stopped by Filip Gustavsson without a rebound.
18:48 of 3rd period - Patrice Bergeron wins face-off versus Dylan Cozens in Devils zone.
19:07 of 3rd period - Devils, Filip Gustavsson is pulled from the net.
19:11 of 3rd period - Shot by Mathieu Joseph.
19:11 of 3rd period - Stopped by Jacob Markstrom with a rebound.
19:13 of 3rd period - Shot by Dylan Cozens.
19:13 of 3rd period - Deflect By Mike Hoffman.
19:13 of 3rd period - Stopped by Jacob Markstrom without a rebound.
19:14 of 3rd period - Sam Reinhart wins face-off versus Patrice Bergeron in Lightning zone.
19:19 of 3rd period - Shot by Chris Kreider.
19:19 of 3rd period - Shot Misses the Net.
19:21 of 3rd period - Shot by Travis Konecny.
19:21 of 3rd period - Stopped by Jacob Markstrom with a rebound.
19:23 of 3rd period - Shot by Dougie Hamilton.
19:23 of 3rd period - Stopped by Jacob Markstrom with a rebound.
19:25 of 3rd period - Shot by Chris Kreider.
19:25 of 3rd period - Stopped by Jacob Markstrom without a rebound.
19:26 of 3rd period - Sam Reinhart wins face-off versus Patrice Bergeron in Lightning zone.
19:39 of 3rd period - Shot by Jeff Skinner.
19:39 of 3rd period - Goal by Jeff Skinner - Lightning : 6 - Devils : 4.
19:39 of 3rd period - Filip Gustavsson from Devils was sent back in the game.
19:40 of 3rd period - Ryan Strome wins face-off versus Dylan Cozens in neutral zone.
Goals for this period are 2 for Lightning vs 3 for Devils.
Shots for this period are 16 for Lightning vs 17 for Devils.